 Dungeon Crawl Stone Soup version 0.26.0-10-g1f06aea511 (webtiles) character file.

Game seed: 8779058681608529829

464 vatarom the Skirmisher (level 7, 0/74 HPs)
             Began as an Ogre Hunter on Jan 17, 2021.
             Slain by an adder (5 damage)
             ... on level 4 of the Dungeon.
             The game lasted 00:05:42 (3619 turns).

vatarom the Skirmisher (Ogre Hunter)                Turns: 3619, Time: 00:05:42

Health: 0/74       AC:  3    Str: 17    XL:     7   Next: 7%
Magic:  7/7        EV: 10    Int: 12    God:
Gold:   105        SH:  0    Dex: 11    Spells: 6/6 levels left

rFire    + . .     SeeInvis .   t - +1 flail
rCold    + . .     Faith    .   (no shield)
rNeg     . . .     Spirit   .   b - +0 robe
rPois    +         Reflect  .   (helmet restricted)
rElec    +         Harm     .   (no cloak)
rCorr    +         Rampage  .   (gloves unavailable)
Will     .....                  (boots unavailable)
Stlth    +.........             (no amulet)
HPRegen  0.22/turn              (no ring)
MPRegen  0.10/turn              (no ring)

@: lethally poisoned (0 -> -1), resistant
A: large, unfitting armour, tough skin 1
a: no special abilities


You were on level 4 of the Dungeon.
You visited 1 branch of the dungeon, and saw 4 of its levels.

You collected 105 gold pieces.

Inventory:

Hand Weapons
 t - a +1 flail (weapon)
Missiles
 a - 8 silver javelins (quivered)
 p - 5 javelins
 s - 3 poisoned darts
Armour
 b - a +0 robe (worn)
Scrolls
 g - a scroll of enchant weapon
 h - 4 scrolls of teleportation {@r3}
Potions
 e - a potion of mutation
 f - a potion of degeneration {unknown}
 l - 3 potions of heal wounds {unknown}
 m - a potion of magic
 n - a potion of lignification
 o - a potion of curing {@q1}
 q - a potion of flight {unknown}


   Skills:
 + Level 5.9 Fighting
 * Level 4.8 Maces & Flails
 - Level 4.4 Throwing
 - Level 1.8 Dodging
 - Level 0.6 Stealth


You had 6 spell levels left.
You didn't know any spells.
Your spell library was empty.

Dungeon Overview and Level Annotations

Branches:
Dungeon (4/15)
 Temple: D:4-7

Altars:
Hepliaklqana
Nemelex Xobeh


Innate Abilities, Weirdness & Mutations

You are too large for most types of armour.
You have tough skin. (AC +1)


Message History

You throw a poisoned dart.
The poisoned dart closely misses the adder.
You feel sick. The adder bites you.
* * * LOW HITPOINT WARNING * * *
Unknown command.
Unknown command.
Really fire
d - a throwing net {!f}? [Y]es or [N]o only, please.
Really fire
d - a throwing net {!f}?
Throw: throwing net {!f}
Press: ? - help, Q - select action, (/) - cycle Shift-Dir - straight line, f/p - adder
Aim: an adder (lightly wounded)
You throw a throwing net {!f}.
The throwing net {!f} barely misses the adder.
The adder bites you.
* * * LOW HITPOINT WARNING * * *
It was a potion of resistance.
You feel protected.
You feel sick. The adder bites you.
You die...

#.# #.#
#.# ####.#
#....#
#.#### #.#
. #.# ...
#@# ....#
#S#
......##.#
.........#
.........#
#.......(#
#.#>....##
#.....(.#
#..##.###


You could see an adder.

Vanquished Creatures
  Grinder (D:3)
  An orc wizard (D:3)
  Jessica (D:3)
  Terence (D:3)
  Natasha (D:4)
  A worker ant (D:4)
  6 adders
  An ooze (D:1)
  A worm (D:3)
  A dart slug (D:1)
  2 leopard geckos
  11 orcs
  3 bats
  6 giant cockroaches
  2 goblins (D:2)
  7 hobgoblins
  A quokka (D:2)
  A ball python (D:2)
  9 frilled lizards
  3 kobolds
  4 rats
64 creatures vanquished.

Notes
Turn   | Place    | Note
-------+----------+-------------------------------------------
     0 | D:1      | vatarom the Ogre Hunter began the quest for the Orb.
     0 | D:1      | Reached XP level 1. HP: 22/22 MP: 1/1
   108 | D:1      | Reached skill level 3 in Fighting
   210 | D:1      | Reached XP level 2. HP: 30/31 MP: 2/2
   799 | D:2      | Reached skill level 1 in Maces & Flails
   799 | D:2      | Reached XP level 3. HP: 37/37 MP: 3/3
   901 | D:2      | Reached XP level 4. HP: 34/48 MP: 4/4
  1671 | D:3      | Reached skill level 4 in Fighting
  2360 | D:3      | Noticed Jessica
  2370 | D:3      | Killed Jessica
  2371 | D:3      | Reached XP level 5. HP: 55/55 MP: 5/5
  2749 | D:3      | Found a hazy altar of Hepliaklqana.
  2763 | D:3      | Noticed Grinder
  2784 | D:3      | Killed Grinder
  2785 | D:3      | Reached skill level 5 in Fighting
  2785 | D:3      | Reached XP level 6. HP: 46/66 MP: 6/6
  3000 | D:3      | Noticed Terence
  3007 | D:3      | Killed Terence
  3320 | D:3      | Found a sparkling altar of Nemelex Xobeh.
  3461 | D:4      | Got an ichor-stained cloak
  3467 | D:4      | Identified the +2 cloak of Pahonijaq {+Blink rC- Dex+3}
                  | (You found it on level 4 of the Dungeon)
  3558 | D:4      | Noticed Natasha
  3565 | D:4      | Killed Natasha
  3575 | D:4      | Reached XP level 7. HP: 32/74 MP: 7/7
  3619 | D:4      | Slain by an adder

Illustrated notes

Levels and vault maps discovered:
D:1:      lightli_arrival_lavapool, layout_rooms
D:2:      layout_rooms
D:3:      layout_basic, nicolae_overflow_hidden_temple, general_overflow_altar,
          chequers_serial_rivers_micro_c, mrwooster_statue_mirror, uniq_terence,
          uniq_grinder, uniq_jessica
D:4:      layout_loops_ring, hangedman_abyss_or_decor_lesser_grid,
          minmay_diced_spiral, uniq_natasha

Skill      XL: |  1  2  3  4  5 |
---------------+----------------+-----
Fighting       | 3 4 5 |  5.9
Maces & Flails | 1 2 4 |  4.8
Throwing       | |  4.4
Dodging        | |  1.8
Stealth        | |  0.6

Action                   |  1- 3 |  4- 6 |  7- 9 || total
-------------------------+-------+-------+-------++-------
Melee: Short sword       |    69 |    69 |       ||   138
       Flail             |       |    83 |     3 ||    86
Throw: Large rock        |    10 |    17 |     1 ||    28
       Javelin           |       |     7 |       ||     7
       Throwing net      |       |     1 |     1 ||     2
       Dart              |       |       |     6 ||     6
  Use: Scroll            |       |     7 |       ||     7
       Potion            |       |     1 |     1 ||     2
Armor: Robe              |    29 |    42 |       ||    71
Dodge: Dodged            |    47 |    85 |     2 ||   134
